 Dungeon Crawl Stone Soup version 0.28.0 (webtiles) character file.

Game seed: 9624072431632963894

351 multipassport the Slasher (level 6, -1/50 HPs)
             Began as a Minotaur Chaos Knight on Feb 9, 2022.
             Was a Plaything of Xom.
             Slain by an iguana (7 damage)
             ... on level 4 of the Dungeon.
             The game lasted 00:08:24 (3051 turns).

multipassport the Slasher (Minotaur Chaos Knight)   Turns: 3051, Time: 00:08:24

Health: -1/50      AC:  5    Str: 15 (18) XL:     6   Next: 34%
Magic:  5/5        EV: 12    Int:  6 (9)  God:    Xom [.*....]
Gold:   69         SH:  0    Dex:  7 (10) Spells: 5/5 levels left

rFire   . . .      SeeInvis .   a - +1 falchion (chaos)
rCold   + . .      Faith    .   (no shield)
rNeg    . . .      Spirit   .   b - +2 leather armour
rPois   .          Reflect  .   (helmet unavailable)
rElec   .          Harm     .   (no cloak)
rCorr   .          Rampage  .   (no gloves)
Will    .....      Clarity  +   (no boots)
Stlth   +.........              (no amulet)
HPRegen 0.16/turn               j - ring of protection from cold
MPRegen 0.09/turn               (no ring)

@: lethally poisoned (-1 -> -2)
A: horns 3, retaliatory headbutt, clarity, frail 1, wild magic 1
a: Renounce Religion


You were on level 4 of the Dungeon.
You worshipped Xom.
You were a plaything of Xom.
You visited 1 branch of the dungeon, and saw 4 of its levels.

You collected 69 gold pieces.

Inventory:

Hand Weapons
 a - a +1 falchion of chaos (weapon)
Missiles
 n - a throwing net (quivered)
Armour
 b - a +2 leather armour (worn)
Jewellery
 j - a ring of protection from cold (left hand)
Scrolls
 c - a scroll of teleportation {unknown}
 e - a scroll of vulnerability
 g - a scroll of immolation
 h - a scroll of noise
Potions
 d - a potion of might
 f - a potion of degeneration
 l - a potion of curing {unknown}
 o - a potion of brilliance {unknown}
 q - a potion of lignification {unknown}


   Skills:
 + Level 5.3 Fighting
 + Level 5.3 Long Blades
 + Level 4.5 Armour
 + Level 3.6 Dodging


You had 5 spell levels left.
You didn't know any spells.
Your spell library contained the following spells:

 Spells                   Type           Power      Damage    Failure   Level
 Ozocubu's Armour         Ice            0%         N/A       92%         3
 Ozocubu's Refrigeration  Ice            0%         4d5       100%        7


Dungeon Overview and Level Annotations

Branches:
Dungeon (4/15)
 Temple: D:4-7

Altars:
Xom

Shops:
D:4 *

Annotations:
D:4 Dowan, Duvessa


Innate Abilities, Weirdness & Mutations

You have a pair of large horns on your head.
You reflexively headbutt those who attack you in melee.
You possess an exceptional clarity of mind.
You are frail. (-10% HP)
Your spells are a little harder to cast, but a little more powerful.


Message History

You feel very sick.
Duvessa throws a poisoned dart.
The poisoned dart closely misses you.
Okay, then.
* * * LOW HITPOINT WARNING * * *
You feel sick.
It was a potion of degeneration.
There was something very wrong with that liquid.
You feel weakened.
You feel dopey.
You feel clumsy.
* * * LOW HITPOINT WARNING * * *
You feel sick.
It was a potion of heal wounds.
You feel much better.
You feel sick.
You feel sick.
You feel sick.
Duvessa throws a poisoned dart.
The poisoned dart completely misses you.
You feel sick.
You feel sick.
You are no longer poisoned.
Duvessa throws a poisoned dart.
The poisoned dart hits you!
You are poisoned.
An iguana comes into view.
Found 11 gold pieces.
Found a stone staircase leading up.
You feel sick.
The iguana hisses angrily.
You feel sick. Duvessa hits you but does no damage.
Dowan says, "Magic and the sword, together, will defeat you."
You hit the iguana.
The iguana is moderately wounded.
You feel sick. Duvessa closely misses you.
Duvessa hits you with a +2 short sword of speed.
* * * LOW HITPOINT WARNING * * *
The iguana closely misses you. Duvessa hits you but does no damage.
You barely miss the iguana. Your headbutt misses the iguana.
The iguana is moderately wounded.
You feel sick. Duvessa barely misses you. The iguana barely misses you.
Duvessa hits you with a +2 short sword of speed!
* * * LOW HITPOINT WARNING * * *
You hit the iguana.
The iguana is heavily wounded.
You feel sick. Duvessa misses you. The iguana bites you!
You die...
Xom guffaws!

,* #.# ***** *,,,,,,,* ,* #.#
*..,*****,******* ,* #.#
*.,,,,,,,,* * ** #e# ##$,,*******
* #.# #<.,,,,,* * #####.#
#.#,***,* * ...##.# #.#,* *,* *
##.##.# #l#,* *,**********
##.##.##########@#,* *,,,,,,,,,,,
............e..e.#,********,*****
##(##########..........,,,,,* #.#
*,,.........####****** #.#
*,########### *#># *,* *#.# *,*
,..# *,* *### *,*


You could see Duvessa (fast), Dowan and an iguana.

Vanquished Creatures
  An ogre (D:4)
  A phantom (D:4)
  2 jellies
  3 gnolls (D:3)
  3 adders
  2 dart slugs
  An orc (D:4)
  3 endoplasms
  6 giant cockroaches
  3 goblins
  5 hobgoblins
  7 jackals
  5 kobolds
  4 quokkas
  9 ball pythons
  4 bats
  5 frilled lizards
  10 rats
74 creatures vanquished.

Notes
Turn   | Place    | Note
-------+----------+-------------------------------------------
     0 | D:1      | multipassport the Minotaur Chaos Knight began the quest for
                  | the Orb.
     0 | D:1      | Reached XP level 1. HP: 19/19 MP: 0/0
    31 | D:1      | Found a faded altar of an unknown god.
    43 | D:1      | Reached XP level 2. HP: 11/27 MP: 1/1
   349 | D:1      | XOM: divination: detect creatures
   587 | D:1      | XOM: enchant monster (good)
   660 | D:1      | XOM: cloud trail
   827 | D:1      | Noticed a shapeshifter
   827 | D:1      | a goblin changed into a shapeshifter
   827 | D:1      | Noticed a wind drake
   827 | D:1      | a shapeshifter changed into a wind drake
   848 | D:1      | Noticed a culicivora
   848 | D:1      | a wind drake changed into a culicivora
  1074 | D:2      | Reached XP level 3. HP: 33/33 MP: 2/2
  1261 | D:2      | Found a shimmering altar of Xom.
  1585 | D:2      | XOM: give mutations
  1585 | D:2      | Gained mutation: You have a pair of large horns on your
                  | head. [Xom's mischief]
  1585 | D:2      | Gained mutation: You are frail. (-10% HP) [Xom's mischief]
  1613 | D:2      | Reached XP level 4. HP: 33/36 MP: 3/3
  2014 | D:3      | XOM: 2-stop teleportation journey
  2251 | D:3      | Reached XP level 5. HP: 38/42 MP: 4/4
  2478 | D:3      | XOM: give mutations
  2478 | D:3      | Gained mutation: You possess an exceptional clarity of
                  | mind. [Xom's grace]
  2478 | D:3      | Gained mutation: Your spells are a little harder to cast,
                  | but a little more powerful. [Xom's grace]
  2852 | D:4      | Found Kucimiph's Gadget Gallery.
  2857 | D:4      | Noticed a phantom
  2863 | D:4      | XOM: noise
  2870 | D:4      | Killed a phantom
  2871 | D:4      | Reached skill level 5 in Fighting
  2871 | D:4      | Reached skill level 5 in Long Blades
  2943 | D:4      | Reached XP level 6. HP: 45/50 MP: 5/5
  3009 | D:4      | Noticed Dowan
  3016 | D:4      | Noticed Duvessa
  3038 | D:4      | HP: 2/50 [poisoned by Duvessa]
  3051 | D:4      | Slain by an iguana

Illustrated notes

Levels and vault maps discovered:
D:1:      shiori_arrival_maze, layout_basic,
          hellmonk_ecumenical_altar_dog_temple, chequers_serial_rivers_room_b,
          wad_floor_pattern_untrapped, interstate_on_off
D:2:      layout_loops_ring, basic_altar
D:3:      layout_loops_corners
D:4:      layout_loops_ring, nicolae_shop_gadgets, uniq_duvessa

Skill      XL: |  1  2  3  4  5 |
---------------+----------------+-----
Long Blades    | 4 5 |  5.3
Fighting       | 4 5 |  5.3
Armour         | 3 4 |  4.5
Dodging        | 2 3 |  3.6

Action                   |  1- 3 |  4- 6 || total
-------------------------+-------+-------++-------
Melee: Falchion          |    89 |    61 ||   150
       Headbutt          |    11 |     5 ||    16
       Punch             |     2 |     1 ||     3
  Use: Scroll            |       |     8 ||     8
       Potion            |       |     2 ||     2
 Stab: Paralysed         |     2 |       ||     2
Armor: Leather armour    |    30 |    11 ||    41
Dodge: Dodged            |    62 |    50 ||   112
